 Dungeon Crawl Stone Soup version 0.31.0-11-ge490571c62 (webtiles) character file.

Game seed: 7840695928070620286

52 Minsecho the Ducker (level 3, 0/19 HPs)
             Began as a Spriggan Monk on Feb 2, 2024.
             Slain by a cerulean imp
             ... wielding a +0 spear
             ... summoned by Natasha
              (3 damage)
             ... on level 2 of the Dungeon.
             The game lasted 00:02:04 (1476 turns).

Minsecho the Ducker (Spriggan Monk)                 Turns: 1476, Time: 00:02:05

Health: 0/19       AC:  2    Str:  9    XL:     3   Next: 60%
Magic:  5/5        EV: 19    Int: 11    God:
Gold:   76         SH:  0    Dex: 17    Spells: 4/4 levels left

rFire   . . .        a - +0 short sword
rCold   . . .        d - orb {light}
rNeg    . . .        b - +0 robe
rPois   .            (helmet restricted)
rElec   .            (no cloak)
rCorr   +            (gloves unavailable)
SInv    +            (boots unavailable)
Will    .....        (no amulet)
Stlth   +            h - ring of resist corrosion
HPRegen 0.23/turn    (no ring)
MPRegen 0.09/turn

%: no passive effects
@: brilliant, attractive, glowing, very quick
A: very small, no large weapons, unfitting armour, see invisible, speed 3
a: no special abilities


You were on level 2 of the Dungeon.
You visited 1 branch of the dungeon, and saw 2 of its levels.

You collected 76 gold pieces.

Inventory:

Hand Weapons
 a - a +0 short sword (weapon)
Armour
 b - a +0 robe (worn)
 d - an orb of light (worn)
Jewellery
 e - an amulet of faith
 h - a ring of resist corrosion (left hand)
Scrolls
 f - a scroll of teleportation {unknown}
 g - 2 scrolls of vulnerability {unknown}


   Skills:
 + Level 2.8 Fighting
 + Level 3.9 Short Blades
 + Level 4.5 Dodging
 * Level 1.9 Stealth
 * Level 1.2 Spellcasting


You had 4 spell levels left.
You didn't know any spells.
Your spell library contained the following spells:

 Spells                   Type           Power      Damage    Failure   Level
 Ensorcelled Hibernation  Hex/Ice        2%         N/A       43%         2
 Fugue of the Fallen      Necr           1%         N/A       67%         3
 Anguish                  Hex/Necr       0%         N/A       97%         4


Dungeon Overview and Level Annotations

Branches:
Dungeon (2/15)

Altars:

Annotations:
D:2 Natasha


Innate Abilities, Weirdness & Mutations

You are very small and have problems with some larger weapons.
You are too small for most types of armour.
You have supernaturally acute eyesight. (SInv)
You cover ground extremely quickly. (Speed+++)


Message History

Natasha is severely wounded.
The cerulean imp hits you from afar with a +0 spear.
You aren't carrying any items that you can evoke.
You hit Natasha.
Natasha is severely wounded.
Natasha stares at you and mumbles some strange words.
The magic dart hits you.
* * * LOW HITPOINT WARNING * * *
The cerulean imp hits you from afar with a +0 spear.
* * * LOW HITPOINT WARNING * * *
You are confused.
You feel invigorated. Natasha barely misses you. The cerulean imp misses you.
You're too confused to move!
Natasha casts a spell at you. You resist with some effort.
The cerulean imp barely misses you.
You bump into the rock wall.
Natasha barely misses you.
The cerulean imp hits you from afar with a +0 spear.
You bump into the rock wall.
Natasha closely misses you. The cerulean imp misses you.
You hit Natasha but do no damage.
Natasha is severely wounded.
You feel less invigorated.
You feel less confused. Natasha claws you! The cerulean imp misses you.
You closely miss Natasha.
Natasha is severely wounded.
Natasha stares at you and mumbles some strange words.
The magic dart hits you!
* * * LOW HITPOINT WARNING * * *
The cerulean imp closely misses you.
It was a potion of attraction.
You feel attractive to monsters.
Natasha mumbles some strange words.
The cerulean imp closely misses you.
It was a potion of brilliance.
You feel clever all of a sudden.
The cerulean imp disappears in a puff of smoke!
Natasha completely misses you.
The cerulean imp hits you from afar with a +0 spear.
You die...

####...####.........###.†..###
).........+.........'.......#
####...####.........###....##
##..# #.......## #<#.## ##.#
##.....## #.### #.# ##...##
#.# ..# ##'## #.# .#
###5#######.# #...@h5§....#
#.#.######### #.... ......
####...# ##.## ###


You could see Natasha and 2 cerulean imps.

Vanquished Creatures
  An adder (D:2)
  A ribbon worm (D:2)
  5 bats (D:1)
  2 endoplasms
  4 giant cockroaches
  6 goblins
  4 hobgoblins
  3 quokkas
  2 ball pythons (D:1)
  4 kobolds
  4 rats
36 creatures vanquished.

Notes
Turn   | Place    | Note
-------+----------+-------------------------------------------
     0 | D:1      | Minsecho the Spriggan Monk began the quest for the Orb.
     0 | D:1      | Reached XP level 1. HP: 11/11 MP: 2/2
   245 | D:1      | Reached XP level 2. HP: 16/16 MP: 3/3
   500 | D:1      | Reached skill level 1 in Stealth
   702 | D:1      | Found a faded altar of an unknown god.
  1109 | D:2      | Reached XP level 3. HP: 19/19 MP: 5/5
  1144 | D:2      | Reached skill level 1 in Spellcasting
  1454 | D:2      | Noticed Natasha
  1476 | D:2      | Slain by a cerulean imp

Illustrated notes

Levels and vault maps discovered:
D:1:      matt_arrival_spirals, layout_loops_corners,
          shapermc_ecumenical_altar_flowoftime, chequers_serial_rivers_micro_d,
          minmay_misc_feat_chi, minmay_splitting_lines,
          chequers_serial_rivers_small_a
D:2:      layout_loops_corners, uniq_natasha

Skill      XL: |  1  2  3 |
---------------+----------+-----
Stealth        | 1 |  1.9
Spellcasting   | 1 |  1.2
Fighting       | |  2.8
Short Blades   | |  3.9
Dodging        | |  4.5

Action                     || total
---------------------------++-------
  Melee: Short sword       ||   192
    Use: Potion            ||     3
   Stab: Sleeping          ||     1
 Armour: Robe              ||    47
  Dodge: Dodged            ||   144
